Map: Base du roi Sejong EC

Players

MaitreSoda - Winner!

  • Race: Terran Terran
  • League: Platinum
  • Spawn Location: 11:00

zidar

  • Race: Zerg Zerg
  • League: Platinum
  • Spawn Location: 5:00

VOD

Have the link to the VOD?

Description

Time

  • Played on: Oct. 20, 2016, 3:09 p.m.
  • Length: 9:33
Show
View Real Time Build Order
Export as new Build Order

MaitreSoda Terran - Winner!

Build Orders: Command Center First (CC) 

Get SALT Encoding   

  12  0:01  SCV  
  13  0:13  SCV  
  14  0:22  Supply Depot  
  14  0:25  SCV  
  15  0:44  SCV  
  16  0:56  SCV  
  17  1:04  Command Center  
  17  1:08  SCV  
  18  1:16  Barracks  
  18  1:20  SCV  
  19  1:27  Refinery  
  20  1:32  SCV  
  20  1:41  Barracks  
  20  1:45  SCV  
  22  2:03  Barracks  
  22  2:05  Orbital Command  
  21  2:15  Refinery  
  21  2:22  Supply Depot  
  21  2:25  Barracks Tech Lab  
  21  2:34  Orbital Command  
  21  2:39  Marine  
  22  2:48  Marauder  
  24  3:00  Marine  
  25  3:05  Barracks  
  25  3:13  Barracks Tech Lab  
  25  3:16  Stimpack  
  25  3:17  SCV x2  
  25  3:19  Marine  
  28  3:29  SCV x2  
  30  3:34  Marauder  
  30  3:35  Marauder  
  34  3:41  SCV  
  35  3:52  Supply Depot  
  35  3:59  Marine x2, Marauder x2  
  35  4:02  SCV  
  42  4:10  Factory  
  42  4:14  Combat Shield  
  42  4:17  Marine  
  42  4:23  SCV x2  
  45  4:31  Barracks Reactor  
  45  4:35  Refinery, SCV x2  
  47  4:41  Refinery  
  47  4:47  Supply Depot  
  47  4:54  Factory Tech Lab  
  47  5:00  SCV x2  
  47  5:01  Engineering Bay  
  49  5:12  SCV x2  
  51  5:17  Siege Tank  
  51  5:18  Marauder  
  51  5:19  Marauder  
  58  5:24  SCV  
  58  5:25  SCV  
  60  5:29  Starport  
  60  5:36  SCV  
  60  5:37  SCV  
  62  5:45  Supply Depot  
  62  5:49  Supply Depot  
  62  6:06  Marine x3  
  62  6:07  SCV x2, Siege Tank  
  62  6:08  Terran Infantry Weapons Level 1  
  62  6:10  Marauder  
  62  6:11  Marauder, Supply Depot  
  74  6:12  Starport Reactor  
  74  6:19  SCV  
  74  6:24  Marine x3  
  78  6:32  Marine x2  
  78  6:33  SCV x2  
  78  6:39  Siege Tank  
  85  6:42  Marine  
  86  6:54  Marine x2, SCV  
  86  6:55  Marauder x2  
  86  6:59  Supply Depot x2  
  93  7:01  Supply Depot  
  93  7:19  Marine  
  93  7:20  Marine x2, Medivac x2  
  93  7:21  Siege Tank  
  103  7:23  Marine x2  
  105  7:36  Marine  
  106  7:38  Marine  
  106  7:41  Marauder  
  106  7:43  Marine, Marauder  
  112  7:50  Medivac x2  
  116  7:53  Siege Tank  
  116  7:54  Marine  
  116  7:55  Marine  
  121  8:00  Marine  
  121  8:02  Marine  
  121  8:04  Marine  
  124  8:12  Marine  
  125  8:13  Marine  
  126  8:30  Marine x2  
  126  8:35  Marine x2  
  126  9:03  Marine  
  126  9:13  Marine  
  126  9:15  Marine  
Show
View Real Time Build Order
Export as new Build Order

zidar Zerg 

Build Orders: Hatch First 

Get SALT Encoding   

  12  0:01  Drone  
  13  0:12  Overlord  
  13  0:18  Drone  
  14  0:31  Drone x2  
  16  0:51  Hatchery  
  16  0:52  Drone  
  16  0:56  Extractor  
  15  0:58  Drone  
  16  1:16  Spawning Pool  
  15  1:20  Drone  
  15  1:24  Drone  
  17  1:30  Drone  
  18  1:34  Drone  
  19  2:03  Queen  
  19  2:04  Queen  
  19  2:06  Metabolic Boost  
  23  2:09  Zergling x2  
  23  2:12  Zergling x2  
  25  2:16  Zergling x2  
  26  2:23  Overlord  
  26  2:29  Drone  
  27  2:30  Drone  
  28  3:01  Roach Warren  
  27  3:09  Extractor  
  27  3:10  Pneumatized Carapace  
  26  3:22  Drone x6  
  26  3:25  Drone x3  
  26  3:26  Drone  
  35  3:44  Overlord x3  
  35  4:05  Roach x6  
  47  4:24  Roach x2  
  51  4:30  Hatchery  
  50  4:31  Lair  
  51  4:38  Ravager  
  51  4:39  Ravager  
  51  4:42  Roach  
  51  4:43  Roach  
  56  4:49  Drone x4  
  60  4:53  Overlord  
  60  5:09  Evolution Chamber  
  60  5:13  Evolution Chamber  
  58  5:20  Extractor  
  57  5:25  Extractor  
  57  5:26  Drone x9  
  65  5:36  Drone x3  
  68  5:44  Queen  
  70  5:55  Zerg Ground Armor Level 1  
  70  5:56  Zerg Melee Weapons Level 1  
  70  6:10  Drone  
  71  6:11  Infestation Pit  
  71  6:13  Roach x2  
  71  6:16  Overlord x2  
  71  6:17  Overlord  
  74  6:22  Overlord  
  74  6:33  Overlord x3  
  74  6:34  Overlord  
  74  6:42  Drone  
  74  6:43  Drone x4  
  74  6:44  Drone  
  74  6:46  Drone  
  81  6:48  Drone  
  81  6:50  Drone  
  83  7:12  Baneling Nest  
  83  7:13  Drone  
  83  7:14  Drone x3  
  86  7:20  Drone x6  
  86  7:21  Drone  
  93  7:27  Extractor  
  93  7:28  Extractor  
  91  7:37  Hive  
  91  7:46  Drone  
  91  7:49  Drone x3  
  91  7:50  Drone x3  
  98  8:00  Drone  
  98  8:04  Drone  
  100  8:10  Centrifical Hooks  
  100  8:13  Zergling x2  
  100  8:14  Zergling x20  
  96  8:46  Roach x4  
  96  8:47  Roach x8  
  120  8:50  Ravager x4  
  120  8:51  Ravager x3  
  120  8:52  Ravager  
Tags
 
Add a new tag
Caveats
  • Supply blocks, unpowered buildings, or Contaminate may cause inaccurate times.
  • Supply counts are checked every 10 seconds.